 Dungeon Crawl Stone Soup version 0.32-a0-5-gbffa963729 (webtiles) character file.

Game seed: 6223701450719489366

8869 seren the Mimic (level 11, -2/74 HPs)
             Began as an Octopode Shapeshifter on Jan 13, 2024.
             Was an Elder of Nemelex Xobeh.
             Slain by a troll (12 damage)
             ... on level 10 of the Dungeon.
             The game lasted 00:46:16 (11709 turns).

seren the Mimic (Octopode Shapeshifter)            Turns: 11709, Time: 00:46:16

Health: -2/74      AC:  7    Str: 15    XL:     11   Next: 37%
Magic:  23/23      EV: 20    Int: 14    God:    Nemelex Xobeh [****..]
Gold:   306        SH:  0    Dex: 13    Spells: 10/10 levels left

rFire   . .          .
                       - Unarmed
rCold   . . .        (shield currently unavailable)
rNeg    . . .        v - +2 hat
rPois   .            p - amulet of faith
rElec   .            g - +4 ring of protection
rCorr   .            m - ring of magical power
SInv    .            (no ring)
Will    .....        (no ring)
Stlth   ++           (no ring)
HPRegen 0.32/turn    (no ring)
MPRegen 0.18/turn    (no ring)
                     (no ring)

%: faith
@: flux-form, glowing
A: glow, contaminating, almost no armour, amphibious, 8 rings, camouflage 1,
gelatinous body 1, (nimble swimmer 1), tentacles
a: Begin Untransformation, Renounce Religion, Draw Escape, Draw Destruction,
Draw Summoning, Triple Draw, Deal Four


You were on level 10 of the Dungeon.
You worshipped Nemelex Xobeh.
Nemelex Xobeh was greatly pleased with you.
You were something dangerously unstable.
You visited 3 branches of the dungeon, and saw 13 of its levels.

You collected 666 gold pieces.
You spent 360 gold pieces at shops.

Inventory:

Missiles
 i - 21 poisoned darts (quivered)
 x - 3 throwing nets {!f}
 D - 51 stones
Armour
 v - a +2 hat (worn)
Jewellery
 f - a ring of ice
 g - a +4 ring of protection (left tentacle)
 m - a ring of magical power (right tentacle)
 p - an amulet of faith (around mantle)
Talismans
 c - a flux talisman (active)
 e - a granite talisman
 B - a blade talisman
Wands
 b - a wand of roots (7)
 w - a wand of flame (27)
 I - a wand of mindburst (10)
 O - a wand of digging (3)
Scrolls
 h - a scroll of immolation {unknown}
 k - 4 scrolls of poison
 l - a scroll of brand weapon {unknown}
 q - 2 scrolls of enchant armour
 r - a scroll of fog
 s - a scroll of noise {unknown}
 t - 2 scrolls of silence {unknown}
 u - 9 scrolls of teleportation {!r}
 y - a scroll of acquirement {unknown}
 K - 3 scrolls of revelation
 L - 2 scrolls of amnesia {unknown}
 M - 2 scrolls of blinking {unknown}
Potions
 a - 2 potions of lignification
 d - a potion of ambrosia {unknown}
 j - 2 potions of magic
 o - 2 potions of enlightenment
 z - 5 potions of heal wounds
 A - 2 potions of brilliance
 C - a potion of attraction {unknown}
 E - 3 potions of curing
 F - a potion of might
 G - 2 potions of cancellation
 H - 2 potions of haste
 J - a potion of invisibility {unknown}
 N - a potion of berserk rage {unknown}


   Skills:
 + Level 6.5 Fighting
 + Level 7.3 Dodging
 - Level 7.0 Stealth
 + Level 8.4 Unarmed Combat
 - Level 5.0 Invocations
 - Level 5.0 Evocations
 * Level 8.9 Shapeshifting


You had 10 spell levels left.
You didn't know any spells.
Your spell library contained the following spells:

 Spells                   Type           Power      Damage    Failure   Level
 Call Imp                 Summ           0%         N/A       41%         2
 Sublimation of Blood     Necr           0%         N/A       41%         2
 Frozen Ramparts          Ice            0%         1d1       65%         3
 Leda's Liquefaction      Alch/Erth      0%         N/A       96%         4
 Petrify                  Alch/Erth      0%         N/A       96%         4
 Metabolic Englaciation   Hex/Ice        0%         N/A       100%        5
 Conjure Ball Lightning   Conj/Air       0%         3x3d6     100%        6
 Haunt                    Necr/Summ      0%         N/A       100%        7
 Summon Hydra             Summ           0%         N/A       100%        7
 Borgnjor's Revivificati  Necr           0%         N/A       100%        8
 Discord                  Hex            0%         N/A       100%        8
 Disjunction              Tloc           0%         N/A       100%        8
 Death's Door             Necr           0%         N/A       100%        9


Dungeon Overview and Level Annotations

Branches:
Dungeon (11/15)            Temple (1/1) D:4            Lair (1/5) D:8
    Orc: D:9-12

Altars:
Ashenzari
Cheibriados
Dithmenos
Elyvilon
Fedhas
Gozag
Hepliaklqana
Kikubaaqudgha
Makhleb
Nemelex Xobeh
Okawaru
Qazlal
Ru
Sif Muna
Trog
Uskayaw
Vehumet
Wu Jian
Xom
Yredelemnul
Zin
The Shining One

Shops:
D:5 :   D:8 !

Annotations:
D:5 3 runed translucent doors, DEFE's ghost, novice DjWn; Sapher's ghost, weakling SpEn; kaychamo's ghost, novice TeSh
D:8 exclusion: downstairs
D:10 Snorg
D:11 Nergalle
Lair:1 exclusions: boulder beetle and oklob plant, Urug


Innate Abilities, Weirdness & Mutations

You are something dangerously unstable.
You glow with magical radiation, making you easy to see and hit.
Foes you strike become dangerously contaminated with magical radiation.
You are incapable of wielding weapons or throwing items.
You cannot wear most types of armour.
You are amphibious.
You can wear up to eight rings at the same time.
Your skin changes colour to match your surroundings (Stealth+).
Your rubbery body absorbs attacks. (AC +1, EV +1)
((You are camouflaged when in or above water. (Stealth+)))
You have tentacles for arms and can constrict up to eight enemies at once.


Message History

Found 13 gold pieces.
There is a stone staircase leading up here.
A troll comes into view.
The troll shouts!
You hear a horrible gurgling sound!
A cyan ugly thing comes into view.
The troll bites you! The troll claws you! x2
* * * LOW HITPOINT WARNING * * *
The troll attacks as it pursues you! The troll bites you.
* * * LOW HITPOINT WARNING * * *
The troll closely misses you. The troll claws you!
* * * LOW HITPOINT WARNING * * *
Nergalle the Soulbinder comes into view.
She is wielding a +0 dagger and wearing a +2 robe of fire resistance.
The troll attacks as it pursues you! The troll bites you.
* * * LOW HITPOINT WARNING * * *
The troll closely misses you. The troll barely misses you.
There is a stone staircase leading up here.
The troll bites you but does no damage. The troll barely misses you.
The troll claws you.
* * * LOW HITPOINT WARNING * * *
You climb upwards.
Level annotation: Snorg
There is a stone staircase leading down here.
You draw a card...
You have drawn the Dance.
The troll closely misses you. The troll misses you.
The troll closely misses you. The troll bites you.
* * * LOW HITPOINT WARNING * * *
The troll claws you but does no damage. The troll misses you.
Okay, then.
You draw a card...
You have drawn the Tomb.
Walls emerge from the floor!
Your -2 quarterstaff hits the troll!
The troll misses you. The troll closely misses you. x2
You draw a card...
You have drawn the Elixir.
You begin rapidly regenerating health and magic.
Your -2 quarterstaff hits the troll.
The troll bites you!
* * * LOW HITPOINT WARNING * * *
The troll claws you.
* * * LOW HITPOINT WARNING * * *
The troll claws you!
You die...
Your body glows with a rainbow of weird colours and disappears.

#..# *,,,* #.##
####+### #.# #<.....#
#####'####### #......#
#...........###......#
#...........#.'......#
#...........#.#......'
#...###.....'.#......#
#..(Tp#.....####'#####
#######'##### #.####
#.# #....# #.## ####.#
#..# #####.## #####'##
###...>..#
#......###........#
#......##..#......#
#......#..##.......


You could see a troll (ally target) and a friendly -2 quarterstaff (summoned).

Vanquished Creatures
  A polar bear (Lair:1)
  A hornet (D:11)
  3 wraiths (D:10)
  11 yaks
  5 wyverns
  2 basilisks
  A shadow (D:11)
  2 water moccasins
  A black bear (D:5)
  An orc warrior (D:9)
  An ice beast (D:8)
  2 ogres (D:6)
  9 wolves (Lair:1)
  2 centaurs (D:11)
  A phantom (D:5)
  5 bullfrogs
  2 gnoll sergeants
  6 scorpions
  5 wights
  A bombardier beetle (D:6)
  A howler monkey (D:5)
  An electric eel (Lair:1)
  3 hounds (D:5)
  2 orc priests (D:9)
  2 sleepcaps
  A jelly (D:7)
  A gnoll bouda (D:7)
  7 iguanas
  6 orc wizards
  12 gnolls
  6 adders
  A white imp (D:7)
  4 ufetubi (D:6)
  3 dart slugs
  2 ribbon worms
  29 orcs
  4 endoplasms
  7 giant cockroaches
  13 hobgoblins
  11 jackals
  4 quokkas
  5 ball pythons
  2 bats (D:1)
  7 frilled lizards
  12 goblins
  6 kobolds
  5 rats
219 creatures vanquished.

Vanquished Creatures (collateral kills)
  A two-headed ogre (D:11)
  4 yaks (D:11)
  4 centaurs (D:11)
9 creatures vanquished.

Grand Total: 228 creatures vanquished

Notes
Turn   | Place    | Note
-------+----------+-------------------------------------------
     0 | D:1      | seren the Octopode Shapeshifter began the quest for the
                  | Orb.
     0 | D:1      | Reached XP level 1. HP: 13/13 MP: 1/1
   295 | D:1      | Reached XP level 2. HP: 18/18 MP: 2/2
   652 | D:1      | Reached XP level 3. HP: 23/23 MP: 3/3
  1512 | D:2      | Reached skill level 1 in Stealth
  1551 | D:2      | Reached XP level 4. HP: 29/29 MP: 4/4
  2290 | D:3      | Identified the +1 whip of Certain Death {spect, rCorr SInv}
  2621 | D:4      | Reached XP level 5. HP: 34/34 MP: 5/5
  2815 | D:4      | Reached XP level 6. HP: 41/41 MP: 6/6
  3161 | D:4      | Found a staircase to the Ecumenical Temple.
  3169 | Temple   | Entered the Ecumenical Temple
  3178 | Temple   | Became a worshipper of Nemelex Xobeh the Trickster
  3481 | D:5      | Entered Level 5 of the Dungeon
  3621 | D:5      | Noticed a water moccasin
  3634 | D:4      | Killed a water moccasin
  3635 | D:4      | Reached skill level 5 in Unarmed Combat
  3635 | D:4      | Reached XP level 7. HP: 21/46 MP: 7/7
  3826 | D:4      | Reached skill level 1 in Evocations
  4214 | D:5      | Found Avuob's Tiny Tomes.
  4233 | D:5      | Found a runed translucent gate.
  4234 | D:5      | Found a runed translucent gate.
  4234 | D:5      | Found a runed translucent gate.
  4263 | D:5      | Reached XP level 8. HP: 46/54 MP: 8/8
  4452 | D:5      | Noticed kaychamo's ghost (novice TeSh)
  4453 | D:5      | Noticed Sapher's ghost (weakling SpEn)
  4453 | D:5      | Noticed DEFE's ghost (novice DjWn)
  4501 | D:5      | Reached * piety under Nemelex Xobeh
  4840 | D:6      | Received a gift from Nemelex Xobeh
  5742 | D:6      | Reached skill level 5 in Shapeshifting
  6047 | D:7      | Reached ** piety under Nemelex Xobeh
  6073 | D:7      | Found a basalt altar of Yredelemnul.
  6074 | D:7      | Found a snail-covered altar of Cheibriados.
  6074 | D:7      | Found an opulent altar of Gozag.
  6384 | D:7      | Received a gift from Nemelex Xobeh
  6400 | D:7      | Identified the +0 ring mail of Fortitude {^Drain Str+2
                  | Int-4 Dex+5 SInv}
  6593 | D:8      | Noticed a yak
  6593 | D:8      | Noticed a yak
  6640 | D:8      | Found Peshru's Distillery.
  6640 | D:8      | Noticed a wyvern
  6650 | D:8      | Killed a wyvern
  6651 | D:8      | Reached XP level 9. HP: 32/59 MP: 9/9
  6710 | D:8      | Reached skill level 5 in Dodging
  6710 | D:8      | Reached skill level 1 in Invocations
  7041 | D:8      | Bought a potion of heal wounds for 60 gold pieces
  7041 | D:8      | Bought a potion of curing for 36 gold pieces
  7041 | D:8      | Bought a potion of curing for 36 gold pieces
  7041 | D:8      | Bought a potion of might for 48 gold pieces
  7041 | D:8      | Bought a potion of lignification for 36 gold pieces
  7041 | D:8      | Bought a potion of brilliance for 48 gold pieces
  7041 | D:8      | Bought a potion of cancellation for 96 gold pieces
  7073 | D:8      | Reached skill level 5 in Fighting
  7152 | D:8      | Reached skill level 5 in Stealth
  7633 | D:8      | Reached XP level 10. HP: 33/66 MP: 12/12
  7754 | D:8      | Found a staircase to the Lair.
  8075 | D:8      | Reached skill level 5 in Evocations
  8975 | D:9      | Reached *** piety under Nemelex Xobeh
  9302 | Lair:1   | Entered Level 1 of the Lair of Beasts
  9585 | Lair:1   | Noticed an oklob plant
  9732 | Lair:1   | Identified the +4 scale mail of the Valley {Str-2 SInv
                  | Stlth+}
  9761 | Lair:1   | Noticed a boulder beetle
  9786 | Lair:1   | Noticed Urug
 10177 | D:10     | Entered Level 10 of the Dungeon
 10413 | D:10     | Received a gift from Nemelex Xobeh
 10461 | D:10     | Reached **** piety under Nemelex Xobeh
 10565 | D:10     | Reached XP level 11. HP: 70/72 MP: 14/14
 10643 | D:10     | Received a gift from Nemelex Xobeh
 10754 | D:10     | Noticed Snorg
 10961 | D:11     | Reached skill level 5 in Invocations
 10978 | D:11     | Noticed a two-headed ogre
 11043 | D:11     | Received a gift from Nemelex Xobeh
 11102 | D:11     | Killed a two-headed ogre
 11688 | D:11     | Noticed a cyan ugly thing
 11699 | D:11     | Noticed Nergalle
 11709 | D:10     | Slain by a troll

Illustrated notes

Levels and vault maps discovered:
D:1:      minmay_arrival_hallway, layout_basic, minmay_stone_trees_small
D:2:      layout_loops_ring, minmay_misc_feat_iff, hangedman_decor_points
D:3:      kennysheep_six_static_rooms, layout_basic
D:4:      layout_cave_pools, temple_statues, minmay_joined_circles
D:5:      layout_cave_pools, gammafunk_ghost_cemetery,
          nicolae_shop_i_like_small_books_too, kennysheep_small_circle
D:6:      layout_loops_ring, minmay_gold_behind_fungi, grunt_ministairs_11
D:7:      layout_basic, chequers_temple_overflow_statue_of_worship
D:8:      layout_rooms, minmay_lair_entry_grove, serial_shops, shop
D:9:      layout_cave_pools
D:10:     layout_roguey, kennysheep_minor_cross, uniq_snorg
D:11:     layout_small_grid, orc_0_dummy, dk_noncrumbling_3, uniq_nergalle
Temple:   hellmonk_temple_of_storms
Lair:1:   layout_cave_pods, lightli_volcano_entry_magma_tube,
          infiniplex_staircase_pool, grunt_megastairs_1, uniq_urug

Skill      XL: |  1  2  3  4  5  6  7  8  9 10 11 |
---------------+----------------------------------+-----
Stealth        | 1 2 3 4 6 7 |  7.0
Fighting       | 2 3 4 5 6 |  6.5
Dodging        | 3 4 5 6 7 |  7.3
Unarmed Combat | 4 5 6 7 8 |  8.4
Shapeshifting  | 4 5 6 8 |  8.9
Evocations     | 1 3 4 5 |  5.0
Invocations    | 3 4 5 |  5.0

Action                     |  1- 3 |  4- 6 |  7- 9 | 10-12 || total
---------------------------+-------+-------+-------+-------++-------
  Melee: Unarmed           |    90 |    95 |   222 |   228 ||   635
         Constrict         |    27 |    22 |    38 |    46 ||   133
         Tentacles         |    17 |    23 |    68 |    64 ||   172
         Punch             |       |       |    13 |       ||    13
  Throw: Dart              |       |       |    14 |       ||    14
 Invoke: Draw Destruction  |       |       |     2 |       ||     2
         Draw Escape       |       |       |     2 |     3 ||     5
         Draw Summoning    |       |       |       |     2 ||     2
Ability: Begin Untransform |       |     1 |     1 |       ||     2
  Evoke: Wand              |       |       |       |     1 ||     1
    Use: Scroll            |     1 |     2 |     3 |    10 ||    16
         Potion            |       |     4 |       |     1 ||     5
   Stab: Sleeping          |     5 |    11 |     7 |       ||    23
         Distracted        |       |     1 |       |     2 ||     3
 Armour: Skin              |    27 |    26 |    95 |   133 ||   281
  Dodge: Dodged            |    51 |    43 |   123 |   202 ||   419
   Form: Beast             |       |     1 |       |       ||     1
         Flux              |       |       |     1 |       ||     1

Table legend: (Time is in decaauts)
 A = Elapsed time spent in this place.
 B = Non-inter-level travel time spent in this place.
 C = Inter-level travel time spent in this place.
 D = Time resting spent in this place.
 E = Time spent auto-exploring this place.
 F = Levels seen in this place.
 G = Mean time per level.
                   A        B        C        D        E       F      G
               +--------+--------+--------+--------+--------+-----+--------+
         Total |  11670 |  10848 |    822 |   1984 |   4456 |  13 |  897.7 |
       Dungeon |  11153 |  10358 |    795 |   1955 |   4385 |  11 | 1013.9 |
        Temple |     19 |     19 |      0 |      0 |      0 |   1 |   19.0 |
          Lair |    497 |    470 |     27 |     29 |     71 |   1 |  497.0 |
               +--------+--------+--------+--------+--------+-----+--------+

Top non-repeatable levels by time:
     D:8: 1924 daAuts
    D:10: 1199 daAuts
     D:4: 1132 daAuts
     D:6: 1090 daAuts
     D:1: 991 daAuts
     D:7: 972 daAuts
     D:5: 934 daAuts
     D:3: 911 daAuts
     D:9: 867 daAuts
     D:2: 801 daAuts
  Lair:1: 497 daAuts
    D:11: 330 daAuts
  Temple: 19 daAuts
